 Dungeon Crawl Stone Soup version 0.23.2-40-g277498a001 (webtiles) character file.

Game seed: 16859740163483724920

1331 KamiKatze the Ruffian (level 8, -2/70 HPs)
             Began as a Ghoul Fighter on Sept 17, 2019.
             Slain by an orc warrior
             ... wielding a +0 trident
              (12 damage)
             ... on level 6 of the Dungeon.
             The game lasted 00:18:44 (4673 turns).

KamiKatze the Ruffian (Ghoul Fighter)               Turns: 4673, Time: 00:18:45

Health: -2/70      AC:  9    Str: 22    XL:     8   Next: 60%
Magic:  7/7        EV:  8    Int:  3    God:
Gold:   302        SH:  9    Dex:  8    Spells: 7/7 levels left

rFire    + . .     SeeInvis .     - Unarmed
rCold    + . .     Gourm    .   b - +0 shield
rNeg     + + +     Faith    .   a - +0 scale mail
rPois    ∞         Spirit   .   o - +0 helmet
rElec    .         Reflect  .   g - +0 cloak
rCorr    .         Harm     .   (no gloves)
MR       .....                  (no boots)
Stlth    ..........             (no amulet)
HPRegen  0.00/turn              (no ring)
MPRegen  0.10/turn              u - ring of protection from fire

@: about to teleport, rotting, slowed, very slow
A: rotting body, claws 1, carnivore, cold resistance 1, negative energy
resistance 3, inhibited regeneration, torment resistance, unbreathing
a: no special abilities


You were on level 6 of the Dungeon.
You were not hungry.

You visited 1 branch of the dungeon, and saw 6 of its levels.

You collected 302 gold pieces.

Inventory:

Armour
 a - a +0 scale mail (worn)
 b - a +0 shield (worn)
 g - a +0 cloak (worn)
 i - a +0 chain mail
 j - a +0 leather armour
 o - a +0 helmet (worn)
 p - a +0 pair of gloves
Jewellery
 u - a ring of protection from fire (right claw)
Wands
 f - a wand of enslavement (5)
Scrolls
 h - a scroll of magic mapping
 m - 3 scrolls of enchant weapon
 n - a scroll of teleportation
 s - a scroll of random uselessness {unknown}
 x - a scroll of fog {unknown}
 y - a scroll of fear
Potions
 c - 3 potions of agility {unknown}
 e - a potion of magic {unknown}
 k - a potion of flight
 r - a potion of might
 t - a potion of lignification
 v - a potion of brilliance {unknown}
Comestibles
 d - 10 rations
 q - 2 chunks of flesh


   Skills:
 + Level 6.0 Fighting
 + Level 3.7 Armour
 + Level 2.4 Dodging
 + Level 5.0 Shields
 * Level 7.5 Unarmed Combat


You had 7 spell levels left.
You didn't know any spells.
Your spell library contained the following spells:

 Spells                   Type           Power        Failure   Level  Hunger
 Flame Tongue             Conj/Fire      #....        99%         1    ##.....
 Throw Flame              Conj/Fire      #.....       100%        2    ###....
 Conjure Flame            Conj/Fire      #.......     100%        3    ####...
 Inner Flame              Hex/Fire       #.......     100%        3    ####...
 Sticky Flame             Conj/Fire      #.......     100%        4    #####..
 Fireball                 Conj/Fire      #.........   100%        5    ######.


Dungeon Overview and Level Annotations

Branches:
Dungeon (6/15)
 Temple: D:4-7

Altars:
Gozag
Hepliaklqana
Kikubaaqudgha
Yredelemnul

Annotations:
D:4 Edmund


Innate Abilities, Weirdness & Mutations

Your body is rotting away.
You thrive on raw meat.
You are immune to poison.
You have sharp fingernails.
You are carnivorous and can eat meat at any time.
Your flesh is cold resistant. (rC+)
You are immune to negative energy. (rN+++)
You do not regenerate when monsters are visible.
You are immune to unholy pain and torment.
You can survive without breathing.


Message History

You close the door.
An orc warrior opens the door.
The orc wizard points at you and mumbles some strange words.
The magic dart hits you.
* * * LOW HITPOINT WARNING * * *
You feel better.
The orc warrior hits you from afar with a +0 trident!
* * * LOW HITPOINT WARNING * * *
Unknown command.
The orc warrior hits you but does no damage.
There is an open door here.
Eat one of 3 chunks of flesh? (ye/n/q)
You eat one of the 3 chunks of flesh.
This raw flesh tastes great!
The orc warrior misses you. You block the orc warrior's attack.
The orc warrior hits you from afar with a +0 trident!
* * * LOW HITPOINT WARNING * * *
As you read the scroll of teleportation, it crumbles to dust.
You feel strangely unstable.
The orc warrior hits you from afar with a +0 trident!
You die...

######.......#####.#
#....'.......'.....#
##.###.......#...#.#
#...........'.....######
######.......#...........
#........#'#.'....#######
##.#####.#.###....#
#.##..#.#...o....######
#.##..#.#####oo@.......
#.##..#.# #..........
#.....#.#####..........
#####.#................
#.################# #.#
#..# #.# #..#..[ #.#
#..#... #.# #..#..


You could see an orc warrior, an orc wizard and an orc.

Vanquished Creatures
  Grinder (D:3)
  Eustachio (D:5)
  An ice beast (D:5)
  2 phantoms
  An ogre (D:5)
  A bullfrog (D:3)
  A scorpion (D:4)
  2 crimson imps (D:3)
  2 hounds
  A gnoll shaman (D:3)
  2 centaur skeletons
  A worker ant (D:5)
  2 hound skeletons (D:5)
  A worker ant zombie (D:4)
  4 adders
  8 gnolls
  2 oozes
  2 adder zombies
  A worm (D:2)
  2 dart slugs
  A leopard gecko (D:5)
  10 orcs
  3 ball pythons
  A giant cockroach (D:2)
  5 goblins
  10 hobgoblins
  2 jackals
  11 kobolds
  3 quokkas
  9 bats
  6 frilled lizards
  6 rats
105 creatures vanquished.

Notes
Turn   | Place    | Note
-------+----------+-------------------------------------------
     0 | D:1      | KamiKatze the Ghoul Fighter began the quest for the Orb.
     0 | D:1      | Reached XP level 1. HP: 19/19 MP: 0/0
   227 | D:1      | Reached XP level 2. HP: 25/26 MP: 1/1
   674 | D:1      | Reached skill level 3 in Unarmed Combat
   782 | D:1      | Reached XP level 3. HP: 31/31 MP: 2/2
  1623 | D:3      | Reached XP level 4. HP: 19/40 MP: 3/3
  1636 | D:3      | Found a hazy altar of Hepliaklqana.
  1660 | D:3      | Noticed Grinder
  1702 | D:4      | Noticed Edmund
  1735 | D:4      | HP: 1/40 [quokka (3)]
  1781 | D:4      | Noticed a phantom
  1834 | D:4      | HP: 1/39 [orc/+0 trident (7)]
  2082 | D:3      | Reached skill level 4 in Unarmed Combat
  2082 | D:3      | Reached XP level 5. HP: 45/45 MP: 4/4
  2220 | D:3      | Paralysed by Grinder for 6 turns
  2230 | D:3      | Killed Grinder
  2230 | D:3      | Reached skill level 5 in Unarmed Combat
  2230 | D:3      | Reached XP level 6. HP: 26/55 MP: 5/5
  2282 | D:3      | Reached skill level 5 in Fighting
  2453 | D:3      | Reached XP level 7. HP: 43/61 MP: 6/6
  2825 | D:3      | Reached skill level 6 in Unarmed Combat
  2950 | D:3      | Reached skill level 1 in Dodging
  3099 | D:4      | Found an ancient bone altar of Kikubaaqudgha.
  3367 | D:4      | Reached XP level 8. HP: 51/69 MP: 7/7
  3433 | D:4      | Found an opulent altar of Gozag.
  3636 | D:5      | Entered Level 5 of the Dungeon
  3734 | D:5      | Reached skill level 7 in Unarmed Combat
  3937 | D:5      | Found a basalt altar of Yredelemnul.
  4352 | D:5      | Noticed Eustachio
  4368 | D:5      | Killed Eustachio
  4386 | D:5      | Reached skill level 5 in Shields
  4673 | D:6      | Slain by an orc warrior

Skill      XL: |  1  2  3  4  5  6  7  8 |
---------------+-------------------------+-----
Unarmed Combat | 3 4 5 6 7 |  7.5
Shields        | 3 4 5 |  5.0
Fighting       | 4 5 6 |  6.0
Armour         | 3 |  3.7
Dodging        | 1 2 |  2.4

Action                   |  1- 3 |  4- 6 |  7- 9 || total
-------------------------+-------+-------+-------++-------
Melee: Unarmed           |   158 |   126 |   172 ||   456
  Use: Potion            |       |     3 |     1 ||     4
       Scroll            |       |     4 |     6 ||    10
  Eat: Chunk             |     4 |     4 |    13 ||    21
Armor: Scale mail        |    47 |    52 |    54 ||   153
Dodge: Dodged            |    36 |    35 |    55 ||   126
Block: Shield            |    54 |    58 |    89 ||   201
